 Dungeon Crawl Stone Soup version 0.29.1-13-g9f3cf754e1 (webtiles) character file.

Game seed: 832799317962506002

30 theblackgale the Trooper (level 3, 0/40 HPs)
             Began as an Ogre Berserker on Jan 27, 2023.
             Was a Follower of Trog.
             Succumbed to an adder's poison
             ... on level 4 of the Dungeon.
             The game lasted 00:06:57 (516 turns).

theblackgale the Trooper (Ogre Berserker)            Turns: 516, Time: 00:06:58

Health: 0/40       AC:  3    Str: 23    XL:     3   Next: 20%
Magic:  3/3        EV: 10    Int:  8    God:    Trog [*.....]
Gold:   120        SH:  0    Dex:  8    Spells: 2/2 levels left

rFire   . . .      SeeInvis .   a - +0 spear
rCold   . . .      Faith    .   (no shield)
rNeg    . . .      Spirit   .   b - +0 animal skin
rPois   .          Reflect  .   (helmet restricted)
rElec   .          Harm     .   (no cloak)
rCorr   .          Rampage  .   (gloves unavailable)
Will    .....                   (boots unavailable)
Stlth   +.........              (no amulet)
HPRegen 0.13/turn               (no ring)
MPRegen 0.08/turn               (no ring)

@: lethally poisoned (0 -> -7)
A: large, unfitting armour, tough skin 1
a: Renounce Religion, Berserk


You were on level 4 of the Dungeon.
You worshipped Trog.
Trog was aware of your devotion.
You visited 1 branch of the dungeon, and saw 4 of its levels.

You collected 120 gold pieces.

Inventory:

Hand Weapons
 a - a +0 spear (weapon)
Armour
 b - a +0 animal skin (worn)


   Skills:
 + Level 4.5 Fighting
 + Level 3.5 Polearms
 + Level 3.1 Dodging


You had 2 spell levels left.
You didn't know any spells.
Your spell library contained the following spells:

 Spells                   Type           Power      Damage    Failure   Level
 Ignite Poison            Fire/Tmut/Pois 0%         N/A       78%         3
 Mephitic Cloud           Conj/Pois/Air  0%         N/A       78%         3
 Freezing Cloud           Conj/Ice/Air   0%         6-21      100%        5


Dungeon Overview and Level Annotations

Branches:
Dungeon (4/15)
 Temple: D:4-7

Altars:


Innate Abilities, Weirdness & Mutations

You are too large for most types of armour.
You have tough skin. (AC +1)


Message History

The adder bites you.
You are poisoned.
The adder poisons you!
You hit the adder but do no damage.
You feel sick. The adder bites you.
You are more poisoned.
The adder poisons you!
You closely miss the adder.
You feel sick. The adder bites you.
You are more poisoned.
The adder poisons you!
Cornered, the goblin turns to fight!
The adder bites you but does no damage.
You closely miss the adder.
You feel very sick. The adder misses you.
You hit the adder.
The adder is lightly wounded.
You feel sick. The adder bites you but does no damage.
The goblin hits you but does no damage.
You hit the adder.
The adder is heavily wounded.
You feel sick. The adder bites you.
* * * LOW HITPOINT WARNING * * *
The goblin barely misses you.
* * * LOW HITPOINT WARNING * * *
You feel sick. The adder closely misses you.
* * * LOW HITPOINT WARNING * * *
You feel sick. The adder bites you.
* * * LOW HITPOINT WARNING * * *
The adder attacks as you move away! The adder closely misses you.
* * * LOW HITPOINT WARNING * * *
You feel sick.
You hit the adder but do no damage.
The adder is heavily wounded.
* * * LOW HITPOINT WARNING * * *
You feel sick. The adder bites you.
* * * LOW HITPOINT WARNING * * *
You are more poisoned.
The adder poisons you!
You barely miss the adder.
The adder is heavily wounded.
You die...

###......####.....#
#...........+<....#
#.#......####.....##
#.#.........'.......
#.###########.....##
#.......# #######
#.......# #...g?..#
#..@S...# #######.#
.# ##


You could see an adder and a goblin.

Vanquished Creatures
  An adder (D:2)
  A worm (D:4)
  A dart slug (D:1)
  An orc (D:3)
  4 bats
  An endoplasm (D:1)
  A giant cockroach (D:2)
  A frilled lizard (D:2)
  2 goblins (D:1)
  2 rats
15 creatures vanquished.

Notes
Turn   | Place    | Note
-------+----------+-------------------------------------------
     0 | D:1      | theblackgale the Ogre Berserker began the quest for the
                  | Orb.
     0 | D:1      | Reached XP level 1. HP: 24/24 MP: 1/1
   137 | D:2      | Reached XP level 2. HP: 18/33 MP: 2/2
   275 | D:3      | Reached XP level 3. HP: 21/40 MP: 3/3
   515 | D:4      | HP: 1/40 [adder (2)]
   516 | D:4      | Succumbed to an adder's poison

Illustrated notes

Levels and vault maps discovered:
D:1:      dpeg_arrival_rooms_b, layout_loops_ring, basic_ecumenical_altar,
          minivault_25
D:2:      layout_basic, minmay_misc_feat_rows, minmay_tromino_v2,
          uniq_crazy_yiuf_cottage
D:3:      layout_basic, minmay_misc_feat_five
D:4:      layout_basic, gammafunk_ghost_smash, serial_bayou_ford_a,
          kennysheep_path_1, minmay_cupped

Skill      XL: |  1 |
---------------+----+-----
Dodging        | 3 |  3.1
Fighting       | |  4.5
Polearms       | |  3.5

Action                   || total
-------------------------++-------
Melee: Spear             ||    60
       Punch             ||     1
Invok: Berserk           ||     2
  Use: Scroll            ||     4
Armor: Animal skin       ||    26
Dodge: Dodged            ||    40
